 Dungeon Crawl Stone Soup version 0.24-a0-512-g2b48af375b (webtiles) character file.

Game seed: 12119758401320455346

21 Mithandil the Conjurer (level 2, -1/15 HPs)
             Began as a Deep Elf Conjurer on July 20, 2019.
             Slain by an adder (4 damage)
             ... on level 2 of the Dungeon.
             The game lasted 00:06:49 (1022 turns).

Mithandil the Conjurer (Deep Elf Conjurer)          Turns: 1022, Time: 00:06:49

Health: -1/15      AC:  1    Str:  5    XL:     2   Next: 62%
Magic:  1/8        EV: 12    Int: 19    God:
Gold:   9          SH:  0    Dex: 15    Spells: 5/8 levels left

rFire    . . .     SeeInvis +   d - +0 club
rCold    . . .     Gourm    .   (no shield)
rNeg     . . .     Faith    .   e - -2 leather armour (curse)
rPois    .         Spirit   .   (no helmet)
rElec    .         Reflect  .   (no cloak)
rCorr    .         Harm     .   (no gloves)
MR       .....                  (no boots)
Stlth    ++........             (no amulet)
HPRegen  0.05/turn              b - ring of see invisible
MPRegen  0.11/turn              (no ring)

@: lethally poisoned (-1 -> -4), very slightly contaminated
A: no striking features
a: no special abilities


You were on level 2 of the Dungeon.
You were not hungry.

You visited 1 branch of the dungeon, and saw 2 of its levels.

You collected 9 gold pieces.

Inventory:

Hand Weapons
 d - a +0 club (weapon)
Missiles
 g - 22 arrows
Armour
 e - a cursed -2 leather armour (worn)
Jewellery
 b - a ring of see invisible (left hand)
Scrolls
 a - a scroll of identify {unknown}
 h - a scroll of noise {unknown}
 i - a scroll of random uselessness {unknown}
 j - a scroll of teleportation {unknown}
Comestibles
 c - 2 rations


   Skills:
 * Level 2.9 Dodging
 + Level 2.6 Stealth
 * Level 3.5 Spellcasting
 * Level 4.7 Conjurations


You had 5 spell levels left.
You knew the following spells:

 Your Spells              Type           Power        Failure   Level  Hunger
a - Magic Dart            Conj           ###.         3%          1    None
b - Searing Ray           Conj           ###...       5%          2    ##.....

Your spell library contained the following spells:

 Spells                   Type           Power        Failure   Level  Hunger
 Dazzling Spray           Conj/Hex       ##....       28%         3    ###....
 Iskenderun's Mystic Bla  Conj           ###.....     34%         4    ####...
 Force Lance              Conj/Tloc      ##......     67%         4    ####...
 Fulminant Prism          Conj/Hex       ##........   67%         4    ####...


Dungeon Overview and Level Annotations

Branches:
Dungeon (2/15)

Altars:


Message History

The magic dart hits the adder.
The adder is moderately wounded.
The adder hisses angrily.
Casting: Magic Dart (safe; 3% risk of failure)
Confirm with . or Enter, or press ? or * to list all spells.
Aiming: Magic Dart (safe; 3% risk of failure)
Press: ? - help, Shift-Dir - straight line, f/p - adder
Aim: an adder (moderately wounded)
The magic dart hits the adder.
The adder is moderately wounded.
The adder bites you.
You are poisoned.
The adder poisons you!
You feel sick. The adder bites you.
* * * LOW HITPOINT WARNING * * *
* * * LOW HITPOINT WARNING * * *
You feel sick. The adder bites you.
You die...

##.. ....S.....#####
.#.. ....!..<.K.....
....
#..........$....
#...
...........#####
#..#...........#
#...............##
#.<.###########..#
#.......########.###
#######.......S@<..#
##############


You could see an adder.

Vanquished Creatures
  3 leopard geckos (D:1)
  2 ball pythons (D:1)
  2 bats (D:1)
  3 hobgoblins (D:1)
  2 jackals (D:2)
  3 frilled lizards (D:1)
  A kobold (D:1)
16 creatures vanquished.

Notes
Turn   | Place    | Note
-------+----------+-------------------------------------------
     0 | D:1      | Mithandil the Deep Elf Conjurer began the quest for the
                  | Orb.
     0 | D:1      | Reached XP level 1. HP: 10/10 MP: 6/6
   291 | D:1      | Reached XP level 2. HP: 15/15 MP: 6/8
   312 | D:1      | Learned a level 2 spell: Searing Ray
  1022 | D:2      | Slain by an adder

Levels and vault maps discovered:
D:1:      mainiacjoe_arrival_reflecting_pool, layout_loops_ring,
          bh_walls_and_bars
D:2:      cheibrodos_pilgrimage, layout_rooms, marbit_many_paths

Action                   || total
-------------------------++-------
 Cast: Magic Dart        ||    32
Armor: Leather armour    ||     2
Dodge: Dodged            ||     5

Table legend:
 A = Non-vault XP
 B = Vault XP
 C = Vault XP percentage of total XP
 D = Non-vault monster count
 E = Vault monster count
 F = Vault count percentage of total count
                 A         B        C        D         E       F
            +---------+---------+-------+---------+---------+-------
      Total |      30 |       0 |   0.0 |      16 |       0 |   0.0
            +---------+---------+-------+---------+---------+-------
        D:1 |      26 |       0 |   0.0 |      14 |       0 |   0.0
        D:2 |       4 |       0 |   0.0 |       2 |       0 |   0.0
            +---------+---------+-------+---------+---------+-------
